 Dungeon Crawl Stone Soup version 0.26.1-11-gd32895ea62 (webtiles) character file.

Game seed: 16584976926590715823

45 ubername the Magician (level 3, -5/26 HPs)
             Began as a Demigod Hedge Wizard on May 20, 2021.
             Slain by a worm (7 damage)
             ... on level 2 of the Dungeon.
             The game lasted 00:03:24 (1860 turns).

ubername the Magician (Demigod Hedge Wizard)        Turns: 1860, Time: 00:03:25

Health: -5/26      AC:  2    Str: 17    XL:     3   Next: 25%
Magic:  2/10       EV: 13    Int: 20    God:
Gold:   115        SH:  0    Dex: 15    Spells: 7/8 levels left

rFire    . . .     SeeInvis .   a - +0 dagger
rCold    . . .     Faith    .   (no shield)
rNeg     . . .     Spirit   .   b - +0 robe
rPois    .         Reflect  .   c - +0 hat
rElec    .         Harm     .   g - scarf {shadows}
rCorr    .         Rampage  .   (no gloves)
Will     .....                  (no boots)
Stlth    ++........             (no amulet)
HPRegen  0.08/turn              (no ring)
MPRegen  0.12/turn              (no ring)

@: no status effects
A: blurry vision 1, high mp 1, strong 2
a: no special abilities


You were on level 2 of the Dungeon.
You visited 1 branch of the dungeon, and saw 2 of its levels.

You collected 115 gold pieces.

Inventory:

Hand Weapons
 a - a +0 dagger (weapon)
Missiles
 f - 29 poisoned darts
Armour
 b - a +0 robe (worn)
 c - a +0 hat (worn)
 g - a scarf of shadows (worn)
 j - a +0 helmet
Scrolls
 d - a scroll of identify {unknown}
 e - a scroll of amnesia {unknown}
 i - a scroll of fear {unknown}


   Skills:
 + Level 0.2 Fighting
 + Level 0.3 Short Blades
 + Level 2.1 Dodging
 + Level 1.9 Stealth
 + Level 3.2 Spellcasting
 + Level 1.5 Conjurations
 + Level 0.8 Summonings
 + Level 0.8 Translocations


You had 7 spell levels left.
You knew the following spells:

 Your Spells              Type           Power        Failure   Level
a - Magic Dart            Conj           16%          8%          1

Your spell library contained the following spells:

 Spells                   Type           Power        Failure   Level
 Blink                    Tloc           N/A          14%         2
 Call Imp                 Summ           3%           14%         2
 Slow                     Hex            1%           22%         2
 Conjure Flame            Conj/Fire      3%           30%         3
 Mephitic Cloud           Conj/Pois/Air  2%           32%         3


Dungeon Overview and Level Annotations

Branches:
Dungeon (2/15)


Innate Abilities, Weirdness & Mutations

You have an increased reservoir of magic. (+10% MP)
Scrolls take you a little longer to read.
Your muscles are very strong. (Str +4)


Message History

* * * LOW HITPOINT WARNING * * *
You hit the worm.
The worm is moderately wounded.
You feel sick.
You are no longer poisoned.
You barely miss the worm.
The worm is moderately wounded.
The worm bites you but does no damage.
You aren't carrying any potions.
Unknown command.
You hit the worm.
The worm is moderately wounded.
The worm bites you.
* * * LOW HITPOINT WARNING * * *
You hit the worm.
The worm is heavily wounded.
You hit the worm.
The worm is severely wounded.
The worm bites you!
You die...

...#.#.......
...........#!
)..#.#....#..
####.######## ##### ###
##.## ##.###...###.##
##.###.#.#.###...#.#
##w..###.########.#
#.#### ##.##..##.## ..#
##w@###.##
###################.###
......................##
≈≈≈≈≈≈≈≈≈≈≈≈≈≈≈≈≈≈≈≈≈≈≈#
≈≈≈≈≈≈≈≈≈≈≈≈≈≈≈≈≈≈≈≈≈≈≈#
........†.†........)..##
###'###################
....#.8###(8###.8###.8#
....'.................#


You could see a worm.

Vanquished Creatures
  2 adders (D:2)
  3 dart slugs
  A ball python (D:1)
  2 bats
  2 giant cockroaches (D:1)
  3 goblins (D:1)
  A hobgoblin (D:1)
  3 frilled lizards
  4 kobolds
  3 rats
24 creatures vanquished.

Notes
Turn   | Place    | Note
-------+----------+-------------------------------------------
     0 | D:1      | ubername the Demigod Hedge Wizard began the quest for the
                  | Orb.
     0 | D:1      | Reached XP level 1. HP: 14/14 MP: 6/6
   239 | D:1      | Reached skill level 3 in Spellcasting
   454 | D:1      | Reached skill level 1 in Conjurations
   777 | D:1      | Reached XP level 2. HP: 20/20 MP: 0/8
  1597 | D:2      | Gained mutation: Your muscles are strong. (Str +2) [potion
                  | of mutation]
  1597 | D:2      | Gained mutation: Scrolls take you a little longer to read.
                  | [potion of mutation]
  1597 | D:2      | Gained mutation: Your muscles are very strong. (Str +4)
                  | [potion of mutation]
  1669 | D:2      | Reached XP level 3. HP: 26/26 MP: 5/10
  1841 | D:2      | HP: 1/26 [poisoned by an adder]
  1860 | D:2      | Slain by a worm

Illustrated notes

Levels and vault maps discovered:
D:1:      minmay_arrival_wavy_path, layout_basic, chequers_jeans
D:2:      wad_river_or_something, layout_rooms,
          grunt_temple_overflow_growth_and_decay,
          gammafunk_temple_overflow_wave, doesnt_xom_only_xom

Skill      XL: |  1 |
---------------+----+-----
Spellcasting   | 3 |  3.2
Conjurations   | 1 |  1.5
Dodging        | 2 |  2.1
Fighting       | |  0.2
Short Blades   | |  0.3
Stealth        | |  1.9
Summonings     | |  0.8
Translocations | |  0.8

Action                   || total
-------------------------++-------
Melee: Dagger            ||    74
 Cast: Magic Dart        ||    57
  Use: Potion            ||     3
 Stab: Sleeping          ||     1
Armor: Robe              ||     8
Dodge: Dodged            ||    44
